AoeStats
← serrurerie

Hideout

508513548Analyzed
1v1 RM · 9d ago on Sep 22, 2026· 32m 17s· 2 players
Game mode
Random Map
Map size
Tiny (2 player)
Population
200
Speed
Normal
Resources
Standard
Victory
Conquest
Starting age
Dark Age
Ending age
Imperial Age
RankedLock teamsTeams togetherTeam positionsShared explorationLock speedFull tech treeHidden civsTurbo modeCheats
Victory
Defeat
🇨🇭 Maya · Switzerland
1373
+15
🇧🇷 Magyars · Brazil
1361
-15
Hinoa
5:51 Loom
9:25 Feudal Age
10:11 Double-Bit Axe
11:27 Scale Barding Armor
13:31 Bloodlines
24:16 Castle Age
23:28 Wheelbarrow
22:55 Gold Mining
24:25 Light Cavalry
25:27 Chain Barding Armor
31:57 Husbandry
serrurerie
0:31 Loom
8:58 Feudal Age
9:39 Double-Bit Axe
17:36 Fletching
18:09 Scale Mail Armor
22:57 Castle Age
21:36 Padded Archer Armor
21:56 Horse Collar
22:12 Gold Mining
23:45 Bodkin Arrow
23:19 Crossbowman
24:53 Thumb Ring
26:51 Leather Archer Armor
29:18 Ballistics
29:46 Bow Saw
Connection lost

Rejoining the realm…

Still unreachable

The connection could not be restored.

Session expired

The server has moved on; the page needs a fresh start.